 Dungeon Crawl Stone Soup version 0.30-a0-358-g0d69a1922f (webtiles) character file.

Game seed: 1337450269953644904

49 hikkokomori the Shield-Bearer (level 3, 0/36 HPs)
             Began as a Troll Fighter on Nov 9, 2022.
             Slain by a gnoll
             ... wielding a +0 halberd
              (5 damage)
             ... on level 2 of the Dungeon.
             The game lasted 00:01:36 (986 turns).

hikkokomori the Shield-Bearer (Troll Fighter)        Turns: 986, Time: 00:01:37

Health: 0/36       AC:  4    Str: 24    XL:     3   Next: 51%
Magic:  2/2        EV:  8    Int:  6    God:
Gold:   71         SH:  7    Dex:  9    Spells: 2/2 levels left

rFire   . . .      SeeInvis .      - Unarmed
rCold   . . .      Faith    .    b - +0 kite shield
rNeg    . . .      Spirit   .    a - +0 robe
rPois   .          Reflect  .    (helmet restricted)
rElec   .          Harm     .    (no cloak)
rCorr   .          Rampage  .    (gloves unavailable)
Will    .....                    (boots unavailable)
Stlth   +.........               (no amulet)
HPRegen 1.06/turn                (no ring)
MPRegen 0.08/turn                (no ring)

@: mighty
A: large, unfitting armour, claws 3, regeneration 1, shaggy fur 1, tough skin 1
a: no special abilities


You were on level 2 of the Dungeon.
You visited 1 branch of the dungeon, and saw 2 of its levels.

You collected 71 gold pieces.

Inventory:

Armour
 a - a +0 robe (worn)
 b - a +0 kite shield (worn)
Jewellery
 g - a ring of ice
 h - a ring of fire
Scrolls
 d - a scroll of teleportation {unknown}
 i - a scroll of torment {unknown}
 j - a scroll of magic mapping {unknown}
Potions
 e - a potion of magic {unknown}
 f - a potion of haste {unknown}


   Skills:
 + Level 2.9 Fighting
 - Level 2.4 Dodging
 + Level 3.2 Shields
 + Level 2.7 Unarmed Combat


You had 2 spell levels left.
You didn't know any spells.
Your spell library contained the following spells:

 Spells                   Type           Power      Damage    Failure   Level
 Gell's Gravitas          Tloc           0%         N/A       98%         3
 Lesser Beckoning         Tloc           0%         N/A       98%         3
 Teleport Other           Tloc           0%         N/A       98%         3


Dungeon Overview and Level Annotations

Branches:
Dungeon (2/15)

Altars:


Innate Abilities, Weirdness & Mutations

You are too large for most types of armour.
You have claws for hands.
Your natural rate of healing is unusually fast.
You are covered in fur. (AC +1)
You have tough skin. (AC +1)


Message History

The gnoll shouts! x2
You claw the quokka!
You kill the quokka!
A worm comes into view.
Found a robe.
The gnoll attacks as you move away! The gnoll closely misses you.
The gnoll attacks as you move away! The gnoll hits you with a +0 whip.
The gnoll attacks as you move away! The gnoll hits you with a +0 whip.
You claw the gnoll!
You kill the gnoll!
Things that are here:
a +0 whip; a gnoll corpse You scratch the worm.
The worm is moderately wounded.
You scratch the worm.
The worm is heavily wounded.
You block the gnoll's attack. The worm bites you.
You claw the worm!
You kill the worm!
The gnoll hits you from afar with a +0 halberd!
The gnoll hits you with a +0 halberd!
The gnoll hits you from afar with a +0 halberd.
Things that are here:
a +0 whip; a worm corpse; a gnoll corpse The gnoll barely misses you.
Sorry, you're not good enough to have a special ability.
Okay, then.
A quokka comes into view.
Found gold dragon scales.
You feel very mighty all of a sudden. You block the gnoll's attack.
The gnoll barely misses you.
The gnoll hits you from afar with a +0 halberd!
You block the quokka's attack.
You closely miss the gnoll.
The gnoll hits you from afar with a +0 halberd!
* * * LOW HITPOINT WARNING * * *
You block the quokka's attack. The gnoll barely misses you.
The gnoll hits you with a +0 halberd.
You die...

..#.......>....$..
##...........###
#............#
###.#...........
#..[#..........
#)###...###....
#g# #..... ..#.
##.# #...##. .#
#g@#....## #
#r...#..#
#.........#
#.....#.###
#.......#
#......##
[....#### ......
......


You could see 2 gnolls and a quokka.

Vanquished Creatures
  2 gnolls
  A worm (D:2)
  2 ball pythons
  A bat (D:1)
  5 endoplasms
  3 goblins
  3 hobgoblins (D:1)
  2 jackals (D:2)
  A quokka (D:2)
  2 kobolds (D:1)
  A rat (D:1)
23 creatures vanquished.

Notes
Turn   | Place    | Note
-------+----------+-------------------------------------------
     0 | D:1      | hikkokomori the Troll Fighter began the quest for the Orb.
     0 | D:1      | Reached XP level 1. HP: 22/22 MP: 0/0
   120 | D:1      | Reached XP level 2. HP: 29/29 MP: 1/1
   254 | D:1      | Reached skill level 3 in Shields
   923 | D:2      | Reached XP level 3. HP: 36/36 MP: 2/2
   986 | D:2      | Slain by a gnoll

Illustrated notes

Levels and vault maps discovered:
D:1:      dpeg_arrival_round_a, layout_basic, minivault_24
D:2:      layout_rooms, minmay_tromino_i2

Skill      XL: |  1  2 |
---------------+-------+-----
Shields        | 3 |  3.2
Fighting       | |  2.9
Dodging        | |  2.4
Unarmed Combat | |  2.7

Action                   || total
-------------------------++-------
Melee: Unarmed           ||    54
  Use: Potion            ||     1
Armor: Robe              ||    18
Dodge: Dodged            ||    13
Block: Kite shield       ||    22

Table legend: (Time is in decaauts)
 A = Elapsed time spent in this place.
 B = Non-inter-level travel time spent in this place.
 C = Inter-level travel time spent in this place.
 D = Time resting spent in this place.
 E = Time spent auto-exploring this place.
 F = Levels seen in this place.
 G = Mean time per level.
                   A        B        C        D        E       F      G
               +--------+--------+--------+--------+--------+-----+--------+
         Total |    990 |    955 |     35 |      0 |    791 |   2 |  495.0 |
       Dungeon |    990 |    955 |     35 |      0 |    791 |   2 |  495.0 |
               +--------+--------+--------+--------+--------+-----+--------+

Top non-repeatable levels by time:
     D:1: 864 daAuts
     D:2: 126 daAuts
